 Dungeon Crawl Stone Soup version 0.27-a0-295-ge1136d6ca4 (webtiles) character file.

Game seed: 14705777178452547872

641076 EldarEldrad the Conqueror (level 27, -2/272 (273) HPs)
             Began as a Minotaur Berserker on Feb 10, 2021.
             Was a High Priest of Trog.
             Slain by a deathcap (18 damage)
             ... summoned by a curse toe
             ... on level 3 of the Realm of Zot on Feb 14, 2021.
             The game lasted 06:23:30 (79227 turns).

EldarEldrad the Conqueror (Minotaur Berserker)     Turns: 79227, Time: 06:23:30

HP:   -2/272 (273)  AC: 36    Str: 31    XL:     27
MP:   0/22          EV: 22    Int:  9    God:    Trog [*****.]
Gold: 1565          SH: 20    Dex: 18    Spells: 26/26 levels left

rFire    + . .     SeeInvis +   a - +8 mithril axe "Arga" {speed, Will+}
rCold    + + .     Faith    .   E - +3 kite shield {reflect}
rNeg     + . .     Spirit   .   F - +0 gold dragon scales of Qutol {rPois rF+ rC+ Int+6 Stlth+}
rPois    +         Reflect  +   D - +3 crown of Dyrovepreva {rElec Int+2 SInv}
rElec    +         Harm     .   U - +2 cloak {rCorr}
rCorr    +         Rampage  .   c - +2 pair of gloves "Loufief" {rElec Stlth+}
Will     +++++                  q - +2 pair of boots "Etidos" {Str+5 Dex+2}
Stlth    ..........             w - amulet "Tottois" {rC+ Regen+}
HPRegen  1.95/turn              p - ring of positive energy
MPRegen  0.18/turn              g - ring of Fatigue {+Inv rPois Will+++ Int-3 Dex-5}

@: about to teleport, regenerating, slowed, constricted, studying 2 skills,
lightly drained, very slow
A: retaliatory headbutt, horns 2, agile 1, deformed body, electricity resistance
}: 3/15 runes: serpentine, barnacled, silver
a: Renounce Religion, Evoke Invisibility, Berserk, Trog's Hand, Brothers in Arms


You were on level 3 of the Realm of Zot.
You worshipped Trog.
Trog was extremely pleased with you.
You visited 12 branches of the dungeon, and saw 52 of its levels.
You also visited: Trove.

You collected 8284 gold pieces.
You spent 6719 gold pieces at shops.

Inventory:

Hand Weapons
 a - the +8 mithril axe "Arga" (weapon) {speed, Will+}
   (You acquired it on level 3 of the Depths)

   Attacks with this weapon are significantly faster.
   It affects your willpower, your defense against some magical effects.
 b - the +8 broad axe of Sumyc {vorpal, rElec Int+4 SInv Stlth+}
   (Trog gifted it to you on level 3 of the Crypt)

   It inflicts extra damage upon your enemies.
   It affects your intelligence (+4).
   It insulates you from electricity.
   It lets you see invisible.
   It makes you more stealthy.
 e - a +9 broad axe of flaming
Armour
 c - the +2 pair of gloves "Loufief" (worn) {rElec Stlth+}
   (You bought it in a shop on level 3 of the Snake Pit)

   It insulates you from electricity.
   It makes you more stealthy.
 q - the +2 pair of boots "Etidos" (worn) {Str+5 Dex+2}
   (You bought it in a shop on level 3 of the Snake Pit)

   It affects your strength (+5).
   It affects your dexterity (+2).
 D - the +3 crown of Dyrovepreva (worn) {rElec Int+2 SInv}
   (You bought it in a shop on level 2 of the Orcish Mines)

   It affects your intelligence (+2).
   It insulates you from electricity.
   It lets you see invisible.
 E - a +3 kite shield of reflection (worn)
 F - the +0 gold dragon scales of Qutol (worn) {rPois rF+ rC+ Int+6 Stlth+}
   (You took it off a skeletal warrior on level 1 of the Tomb of the Ancients)

   It affects your intelligence (+6).
   It protects you from fire.
   It protects you from cold.
   It protects you from poison.
   It makes you more stealthy.
 U - a +2 cloak of preservation (worn)
Jewellery
 g - the ring of Fatigue (right hand) {+Inv rPois Will+++ Int-3 Dex-5}
   (You found it in a treasure trove)

   [ring of poison resistance]

   It affects your intelligence (-3).
   It affects your dexterity (-5).
   It protects you from poison.
   It affects your willpower, your defense against some magical effects.
   It lets you turn invisible.
 p - a ring of positive energy (left hand)
 w - the amulet "Tottois" (around neck) {rC+ Regen+}
   (You found it in a treasure trove)

   [amulet of regeneration]

   It protects you from cold.
   It increases your rate of regeneration.
 z - an uncursed ring of protection from fire
 Y - an uncursed ring of resist corrosion
Wands
 r - a wand of mindburst (44)
 A - a wand of iceblast (55)
 J - a wand of paralysis (62)
 K - a wand of digging (19)
 Q - a wand of acid (37)
 T - a wand of polymorph (40)
Scrolls
 d - 2 scrolls of enchant armour
 h - 9 scrolls of fear
 i - 10 scrolls of immolation
 k - 35 scrolls of remove curse
 l - 4 scrolls of noise
 m - 9 scrolls of blinking
 n - 4 scrolls of brand weapon
 u - 17 scrolls of teleportation
 x - 10 scrolls of enchant weapon
 B - 16 scrolls of magic mapping
 H - 7 scrolls of silence
 M - 3 scrolls of summoning
 O - 2 scrolls of identify
 R - a scroll of holy word
 Z - 7 scrolls of fog
Potions
 f - 14 potions of lignification
 j - 28 potions of curing
 o - 5 potions of mutation
 s - 7 potions of haste
 t - 3 potions of invisibility
 v - 11 potions of flight
 C - 6 potions of ambrosia
 G - 3 potions of resistance
 I - 4 potions of heal wounds
 N - 3 potions of cancellation
 P - 5 potions of berserk rage
 W - 4 potions of might
Miscellaneous
 L - a box of beasts
 S - a lightning rod (4/4)


   Skills:
 O Level 27 Fighting
 - Level 20.0 Axes
 O Level 27 Armour
 * Level 26.7 Dodging
 - Level 18.0 Shields
 - Level 15.0 Evocations


You had 26 spell levels left.
You didn't know any spells.
Your spell library was empty.

Dungeon Overview and Level Annotations

Branches:
Dungeon (15/15)            Temple (1/1) D:7            Lair (6/6) D:8
 Shoals (4/4) Lair:2        Snake (4/4) Lair:4        Slime (0/5) Lair:5
    Orc (2/2) D:11            Elf (3/3) Orc:2        Vaults (5/5) D:13
  Crypt (3/3) Vaults:2       Tomb (1/3) Crypt:3      Depths (5/5) D:15
    Zot (3/5) Depths:5

Altars:
Ashenzari
Cheibriados
Dithmenos
Elyvilon
Fedhas
Gozag
Hepliaklqana
Kikubaaqudgha
Makhleb
Nemelex Xobeh
Okawaru
Qazlal
Ru
Sif Muna
Trog
Uskayaw
Vehumet
Wu Jian
Xom
Yredelemnul
Zin
The Shining One
Lugonu

Shops:
D:15 =   Orc:2 [([[   Elf:2 *   Elf:3 ?   Shoals:4 (   Snake:3 ?[   Vaults:1 (
Vaults:4 ?[(   Depths:1 ?[*   Depths:5 =:=

Portals:
Hell: Depths:1 Depths:2 Depths:3 Depths:4 Depths:5
Abyss: Depths:4
Pandemonium: Depths:3 Depths:4
Ziggurat: Depths:1


Innate Abilities, Weirdness & Mutations

You reflexively headbutt those who attack you in melee.
You have a pair of horns on your head.
You are agile. (Dex +2)
Armour fits poorly on your strangely shaped body.
You are resistant to electric shocks. (rElec)


Message History

The ghost moth stares at you. You block the death cob's attack.
The curse toe gestures.
The electric golem misses you. You block the electric golem's attack.
The electric golem hits you but does no damage.
The electric golem hits you.
* * * LOW HITPOINT WARNING * * *
The yellow draconian misses you.
The white draconian shifter blinks!
The tentacled monstrosity barely misses you.
The tentacled monstrosity closely misses you.
The tentacled monstrosity misses you.
The tentacled monstrosity constricts you.
The deathcap draws from the surrounding life force!
* * * LOW HITPOINT WARNING * * *
The tentacled monstrosity completely misses you.
You furiously retaliate!
You headbutt the tentacled monstrosity.
The tentacled monstrosity tentacle-slaps you but does no damage. x2
The tentacled monstrosity completely misses you. x2
You block the tentacled monstrosity's attack.
As you read the scroll of teleportation, it crumbles to dust.
You feel strangely unstable.
You feel the Orb delaying your translocation!
The yellow draconian stormcaller seems to regain its courage. x2
You block the death cob's attack. The death cob hits you.
* * * LOW HITPOINT WARNING * * *
The death cob drains your vigour!
You feel as though you will be slow longer.
You block the electric golem's attack. x2; The electric golem hits you.
* * * LOW HITPOINT WARNING * * *
You block the electric golem's attack. The yellow draconian barely misses you.
The black draconian rages.
The death cob misses you.
The white draconian shifter blinks!
The electric golem blinks!
The storm dragon rages.
The tentacled monstrosity tentacle-slaps you but does no damage.
The tentacled monstrosity barely misses you.
The tentacled monstrosity tentacle-slaps you but does no damage.
The tentacled monstrosity constricts you.
The deathcap releases spores at you!!
You die...

..... #..
.yyd.#######.q.
........q......
...............
.q.............
.....ffdff.§...
.....f8dXz.....
y....zX@fD.....
....fzz8XD.....
.....fyD8f.....
.......z°.....#
.............y.
............q..
.y.............
...............


You could see 2 electric golems, 3 tentacled monstrosities, a golden dragon, 2
storm dragons, a black draconian (berserk), a yellow draconian (berserk), a
white draconian (fleeing), 2 curse toes, a white draconian shifter (fleeing), 3
death cobs, 2 draconians, a yellow draconian scorcher (fleeing), 2 ghost moths,
3 deathcaps, 4 moths of wrath and 6 wandering mushrooms.

Vanquished Creatures
  A dread lich (Vaults:5)
  3 ancient liches
  2 orbs of fire (Zot:2)
  A juggernaut (Depths:5)
  A royal mummy (Tomb:1)
  Boris (twice) (Depths:4 Vaults:5)
  Bai Suzhen (Depths:2)
  Frederick (Crypt:3)
  Saint Roka (Depths:3)
  2 curse toes
  7 golden dragons
  A caustic shrike (Depths:2)
  Jory (Vaults:3)
  2 bone dragons (Depths:5)
  A shard shrike zombie (Crypt:1)
  3 electric golems
  13 tentacled monstrosities
  Jorgrun (D:15)
  Rupert (Lair:6)
  10 liches
  4 titans
  A deep elf master archer (Elf:3)
  A kraken (Shoals:4)
  7 death cobs
  A quicksilver dragon (Zot:2)
  Gastronok (Lair:2)
  Polyphemus (Shoals:3)
  Kirke (Snake:4)
  11 sphinxes
  7 tengu reavers
  Roxanne (Shoals:2)
  7 ancient champions
  6 draconian monks
  6 nagarajas
  7 shadow dragons
  12 fire giants
  A revenant (Vaults:2)
  11 storm dragons
  17 vault wardens
  3 iron dragons
  4 draconian knights
  An orc warlord (Vaults:2)
  14 frost giants
  A balrug (Depths:5)
  10 deep elf sorcerers
  Aizul (Vaults:3)
  4 curse skulls
  6 draconian annihilators
  A reaper (Crypt:2)
  16 very ugly things
  15 ironheart preservers
  6 deep elf elementalists
  4 spriggan defenders (Depths:4)
  A draconian stormcaller (Zot:2)
  A war gargoyle (Vaults:5)
  23 stone giants
  A stone giant (shapeshifter) (Vaults:5)
  An entropy weaver (shapeshifter) (Vaults:5)
  5 black draconians
  8 vampire knights
  6 yellow draconians
  6 deep elf demonologists
  8 deep elf annihilators
  2 entropy weavers
  6 green draconians
  Snorg (Lair:3)
  2 purple draconians (Zot:2)
  6 red draconians
  17 ettins
  3 spark wasps
  8 white draconians
  8 mummy priests (Tomb:1)
  5 merfolk javelineers
  5 deep elf high priests
  11 deep elf death magi
  3 great orbs of eyes
  10 fire dragons
  8 jiangshi
  3 rakshasas
  13 merfolk impalers
  32 vault guards
  9 hydras
  Harold (D:6)
  6 boulder beetles
  A spriggan air mage (Depths:5)
  14 ogre magi
  17 ice dragons
  17 naga warriors
  16 yaktaur captains
  8 centaur warriors
  14 anacondas
  An alligator snapping turtle (Shoals:2)
  2 catoblepae
  4 merfolk aquamancers
  A satyr (Shoals:3)
  46 two-headed ogres
  2 death knights (Vaults:2)
  8 merfolk avatars
  30 dancing weapons
  9 deep troll shamans
  5 tengu warriors
  10 deep troll earth magi
  7 death yaks
  29 death scarabs (Tomb:1)
  6 vampire magi
  3 spriggan berserkers
  9 naga sharpshooters
  6 hell knights
  3 spriggans
  4 orc high priests
  Sonja (Orc:2)
  20 deep elf knights
  6 shock serpents
  A fire crab (shapeshifter) (Depths:3)
  2 iron trolls (Depths:4)
  8 salamander mystics
  4 shadow wraiths
  31 skeletal warriors
  A kraken simulacrum (Shoals:4)
  7 glowing orange brains
  7 flayed ghosts
  A shadow demon (Depths:4)
  A deep troll (shapeshifter) (Vaults:5)
  8 naga ritualists
  23 deep trolls
  2 unseen horrors
  2 unseen horrors (shapeshifter)
  A golden dragon zombie (Crypt:2)
  18 deep elf archers
  17 sea snakes
  31 harpies
  5 large abominations (Elf:1)
  4 phantasmal warriors
  Pikel (D:5)
  An iron dragon zombie (Crypt:2)
  A fire giant zombie (Vaults:2)
  4 lindwurms
  A harpy (shapeshifter) (Depths:4)
  A wolf spider zombie (Crypt:3)
  23 ironbrand convokers
  18 orc knights
  29 deep elf pyromancers
  7 necromancers
  2 wolf spiders
  15 salamanders
  8 wizards
  An orb spider (shapeshifter) (Depths:2)
  25 ugly things
  35 deep elf zephyrmancers
  4 oklob plants (Lair:5)
  8 orc sorcerers
  A sphinx zombie (Crypt:3)
  A shining eye (shapeshifter) (Vaults:5)
  13 mana vipers
  7 cyclopes
  17 manticores
  16 fauns
  A stone giant skeleton (Crypt:3)
  A frost giant zombie (Tomb:1)
  3 salamanders (shapeshifter)
  12 moths of wrath
  A guardian serpent (shapeshifter) (Vaults:5)
  12 vault sentinels
  46 black mambas
  A fire giant skeleton (Crypt:1)
  8 merfolk sirens
  3 elephants (Lair:6)
  2 smoke demons (Depths:5)
  31 naga magi
  2 centaur zombies
  11 guardian serpents
  A hellion (Depths:5)
  9 water nymphs
  5 spectral swamp worms (Depths:3)
  A human zombie (Vaults:2)
  A torpor snail (shapeshifter) (Vaults:3)
  11 cane toads
  A cane toad (shapeshifter) (Vaults:5)
  3 orange demons
  A black draconian zombie (Crypt:2)
  Maggie (D:7)
  11 komodo dragons
  6 freezing wraiths
  2 ice devils (Depths:4)
  A komodo dragon (shapeshifter) (Depths:4)
  A redback zombie (D:14)
  7 hellwings (Depths:5)
  3 tengu conjurers
  53 yaktaurs
  A yaktaur (shapeshifter) (Vaults:4)
  3 red devils
  A catoblepas skeleton (Crypt:1)
  16 guardian mummies (Tomb:1)
  3 rime drakes
  A hydra zombie (Tomb:1)
  13 trolls
  2 meliai (shapeshifter)
  A queen bee (shapeshifter) (Depths:4)
  A jumping spider (Vaults:1)
  7 polar bears
  10 wind drakes
  A tengu simulacrum (Vaults:3)
  8 hornets
  A polar bear (shapeshifter) (Depths:4)
  3 trolls (shapeshifter)
  34 merfolk
  A shadow dragon simulacrum (Crypt:3)
  36 blink frogs
  A harpy skeleton (Crypt:1)
  2 hydra skeletons
  A sphinx simulacrum (Vaults:1)
  22 slime creatures
  4 raiju (shapeshifter)
  A stone giant simulacrum (Tomb:1)
  An alligator zombie (Crypt:2)
  15 snapping turtles
  A black mamba zombie (Crypt:1)
  An ettin zombie (Crypt:1)
  9 flying skulls
  A meliai zombie (D:14)
  3 redbacks
  A tarantella (shapeshifter) (Vaults:5)
  A spriggan (shapeshifter) (Vaults:5)
  2 tarantellas
  18 water elementals
  21 yaks
  An ettin skeleton (Crypt:1)
  2 ushabtiu (Tomb:1)
  A yak (shapeshifter) (Vaults:4)
  8 wraiths
  A hog (Snake:4)
  A basilisk (shapeshifter) (Depths:4)
  3 fire elementals
  A golden eye (shapeshifter) (D:15)
  4 wyverns
  2 humans (shapeshifter)
  2 humans (D:13)
  2 vampire mosquitoes (D:15)
  2 basilisks
  A neqoxec (Depths:4)
  Menkaure (D:7)
  49 nagas
  6 wargs
  A soldier ant (shapeshifter) (D:15)
  A soldier ant (D:11)
  An acid dragon (Vaults:2)
  A hydra simulacrum (Tomb:1)
  19 water moccasins
  4 hell hounds (Depths:5)
  A merfolk skeleton (Tomb:1)
  2 floating eyes
  47 orc warriors
  A hornet zombie (D:8)
  3 sky beasts
  6 ice beasts
  5 black bears
  3 necrophages
  39 ogres
  14 centaurs
  9 boggarts
  An elephant skeleton (Crypt:2)
  21 wolves
  3 lemures (D:5)
  4 phantoms
  7 small abominations (Elf:1)
  25 bullfrogs
  A deep troll simulacrum (Vaults:2)
  An earth elemental (Elf:1)
  2 human skeletons (Vaults:2)
  2 wyvern skeletons
  A scorpion (shapeshifter) (Vaults:5)
  5 scorpions
  9 killer bees
  A troll zombie (Crypt:1)
  A troll skeleton (Crypt:3)
  9 wights (D:14)
  3 howler monkeys
  6 electric eels (D:8)
  5 crimson imps
  10 hounds
  3 bullfrog zombies
  17 jellies
  22 orc priests
  2 bullfrog skeletons
  2 human simulacra
  Crazy Yiuf (D:2)
  6 centaur skeletons
  8 iron imps
  A black bear skeleton (Crypt:2)
  3 iguanas
  29 orc wizards
  3 polar bear simulacra (Lair:6)
  16 worker ants
  2 yak simulacra (Lair:6)
  A naga zombie (Crypt:3)
  2 wolf simulacra (Lair:6)
  A dwarf zombie (Crypt:3)
  A hound zombie (D:8)
  A hound skeleton (D:5)
  6 mummies (Tomb:1)
  A worker ant zombie (D:6)
  12 adders
  11 gnolls
  7 river rats (D:6)
  A scorpion zombie (Crypt:2)
  A steam dragon zombie (Crypt:3)
  A swamp drake skeleton (Crypt:1)
  5 shadow imps
  6 white imps
  An ufetubus (Depths:4)
  4 oozes
  An adder zombie (D:5)
  A lava snake zombie (Crypt:2)
  2 adder skeletons
  A worm (D:2)
  4 dart slugs
  3 leopard geckos
  92 orcs
  8 bats
  8 giant cockroaches
  6 goblins
  6 hobgoblins
  13 jackals
  6 kobolds
  12 quokkas
  6 frilled lizards
  A goblin zombie (Crypt:2)
  A quokka skeleton (D:4)
  24 rats
  A rat skeleton (Crypt:1)
  4 river rat simulacra (Lair:6)
  A river rat skeleton (Crypt:1)
  5 tentacles (Shoals:4)
2419 creatures vanquished.

Vanquished Creatures (collateral kills)
  Mara (Crypt:3)
  Nikola (Snake:3)
  An ancient champion (Crypt:3)
  Agnes (D:14)
  A tengu reaver (Depths:4)
  The ghost of Lumef the Fencer, an adept DrGl of Ashenzari (Depths:4)
  A nagaraja (Snake:3)
  Louise (D:14)
  A deep elf demonologist (Depths:4)
  A naga warrior (Snake:3)
  A salamander mystic (Snake:3)
  A skeletal warrior (Crypt:3)
  A deep elf pyromancer (D:14)
  3 salamanders (Snake:3)
  2 naga magi (Snake:3)
  4 yaks (D:14)
  A draconian zombie (Crypt:3)
23 creatures vanquished.

Vanquished Creatures (others)
  An ogre mage (Vaults:1)
  A naga warrior (Snake:3)
  2 deep elf knights
  A salamander mystic (Snake:3)
  A deep elf archer (Elf:2)
  A lindwurm (Snake:4)
  A deep elf zephyrmancer (Elf:1)
  A salamander (Snake:3)
  A black mamba (Snake:3)
  6 humans (Snake:4)
  2 nagas (Snake:3)
  An acid dragon (Vaults:1)
  4 orc wizards
  An orc (Vaults:4)
  39 fungi
  117 plants
  7 tentacles (Shoals:4)
187 creatures vanquished.

Grand Total: 2629 creatures vanquished

Notes
Turn   | Place    | Note
-------+----------+-------------------------------------------
     0 | D:1      | EldarEldrad the Minotaur Berserker began the quest for the
                  | Orb.
     0 | D:1      | Reached XP level 1. HP: 19/19 MP: 0/0
   155 | D:1      | Reached XP level 2. HP: 23/26 MP: 1/1
   434 | D:1      | Found a glowing golden altar of the Shining One.
   443 | D:1      | Reached skill level 5 in Axes
   499 | D:1      | Reached XP level 3. HP: 24/31 MP: 2/2
  1299 | D:2      | Reached ** piety under Trog
  1485 | D:2      | Found a runed translucent door.
  1486 | D:2      | Noticed Crazy Yiuf
  1594 | D:2      | Reached XP level 4. HP: 34/39 MP: 3/3
  1641 | D:3      | Found a sparkling altar of Nemelex Xobeh.
  1647 | D:3      | Reached XP level 5. HP: 45/45 MP: 4/4
  2555 | D:4      | Noticed an ogre
  2564 | D:4      | Killed an ogre
  2565 | D:4      | Reached XP level 6. HP: 51/51 MP: 5/5
  2574 | D:4      | Reached *** piety under Trog
  3044 | D:4      | Reached XP level 7. HP: 57/57 MP: 6/6
  3049 | D:4      | Reached skill level 10 in Axes
  3947 | D:5      | Entered Level 5 of the Dungeon
  4094 | D:5      | Noticed Pikel
  4134 | D:5      | Killed Pikel
  4135 | D:5      | Reached XP level 8. HP: 64/64 MP: 7/7
  5103 | D:5      | Found a sacrificial altar of Ru.
  5481 | D:6      | Reached **** piety under Trog
  5688 | D:6      | Found a hide-covered altar of Uskayaw.
  5712 | D:6      | Found a snail-covered altar of Cheibriados.
  5712 | D:6      | Found a basalt altar of Yredelemnul.
  5716 | D:6      | Found the +1 cloak of Starlight {*Dazzle EV+4 Stlth--}
  5842 | D:6      | Reached XP level 9. HP: 67/70 MP: 8/8
  6355 | D:6      | Reached skill level 5 in Fighting
  6479 | D:6      | Reached skill level 1 in Evocations
  6479 | D:6      | Reached ***** piety under Trog
  6675 | D:7      | Found a staircase to the Ecumenical Temple.
  6686 | Temple   | Entered the Ecumenical Temple
  6770 | D:7      | Noticed Menkaure
  6777 | D:7      | Killed Menkaure
  6997 | D:7      | Found a hazy altar of Hepliaklqana.
  7234 | D:7      | Noticed Harold
  7263 | D:6      | Killed Harold
  7264 | D:6      | Reached skill level 5 in Evocations
  7554 | D:7      | Noticed Maggie
  7561 | D:7      | Killed Maggie
  7562 | D:7      | Reached skill level 15 in Axes
  7562 | D:7      | Reached XP level 10. HP: 75/81 MP: 9/9
  8937 | D:8      | Found a staircase to the Lair.
 10899 | D:9      | Reached skill level 5 in Armour
 10955 | D:9      | Received a gift from Trog
 11002 | D:9      | Got a scorched copper ring
 11170 | D:9      | Found an ancient bone altar of Kikubaaqudgha.
 11212 | D:9      | Noticed a two-headed ogre
 11221 | D:9      | Killed a two-headed ogre
 11398 | D:9      | Noticed a two-headed ogre
 11406 | D:9      | Killed a two-headed ogre
 11539 | D:9      | Found an ornate altar of the Wu Jian Council.
 11666 | Lair:1   | Entered Level 1 of the Lair of Beasts
 11680 | Lair:1   | Reached XP level 11. HP: 86/86 MP: 10/10
 11883 | Lair:1   | Reached skill level 5 in Shields
 12151 | Lair:1   | Reached skill level 10 in Armour
 13035 | Lair:1   | Identified the ring of Descent {Wiz rN++ Will+ Dex+3
                  | Slay-4} (You found it on level 9 of the Dungeon)
 13087 | Lair:2   | Noticed an eight-headed hydra
 13102 | Lair:2   | Killed an eight-headed hydra
 13363 | Lair:2   | Noticed Gastronok
 13382 | Lair:2   | Killed Gastronok
 13640 | Lair:2   | Reached skill level 5 in Dodging
 14054 | Lair:2   | Noticed an eight-headed hydra
 14073 | Lair:2   | Killed an eight-headed hydra
 14074 | Lair:2   | Reached XP level 12. HP: 82/97 MP: 11/11
 14205 | Lair:2   | Found a staircase to the Shoals.
 14214 | Lair:2   | You fall into a shaft and drop 2 floors!
 15260 | Lair:3   | Noticed a four-headed hydra
 15271 | Lair:3   | Killed a four-headed hydra
 15655 | Lair:3   | Noticed Snorg
 15666 | Lair:3   | Killed Snorg
 15667 | Lair:3   | Reached skill level 10 in Dodging
 16027 | Lair:4   | Noticed a five-headed hydra
 16049 | Lair:4   | Killed a five-headed hydra
 16434 | Lair:4   | Found a staircase to the Snake Pit.
 16937 | Lair:5   | Found a staircase to the Slime Pits.
 16951 | Lair:5   | Reached XP level 13. HP: 83/107 MP: 12/12
 18133 | Lair:6   | Entered Level 6 of the Lair of Beasts
 18882 | Lair:6   | Received a gift from Trog
 18946 | Lair:6   | Noticed Rupert
 18957 | Lair:6   | Paralysed by Rupert for 2 turns
 18972 | Lair:6   | Killed Rupert
 19587 | Lair:6   | Identified Giurig's Papyrus of Bewitchment
 19898 | D:10     | Entered Level 10 of the Dungeon
 19999 | D:10     | Reached XP level 14. HP: 104/115 MP: 13/13
 20613 | D:11     | Found a portal to a secret trove of treasure.
 20786 | D:11     | Found a staircase to the Orcish Mines.
 21321 | D:11     | Found a white marble altar of Elyvilon.
 21324 | D:11     | Found a broken altar of Ashenzari.
 21324 | D:11     | Found a glowing silver altar of Zin.
 21336 | D:11     | Found a shimmering altar of Xom.
 21336 | D:11     | Found a shadowy altar of Dithmenos.
 21336 | D:11     | Found an opulent altar of Gozag.
 21705 | D:7      | Found a shimmering altar of Xom.
 21708 | D:7      | Found a bloodstained altar of Trog.
 21900 | D:2      | Killed Crazy Yiuf
 23317 | Orc:1    | Entered Level 1 of the Orcish Mines
 23587 | Orc:2    | Entered Level 2 of the Orcish Mines
 23630 | Orc:2    | Noticed Sonja
 23636 | Orc:2    | Killed Sonja
 24114 | Orc:2    | Found a staircase to the Elven Halls.
 24244 | Orc:2    | Received a gift from Trog
 24353 | Orc:2    | Reached skill level 10 in Fighting
 25180 | Orc:2    | Found Ilidihuz's Antique Armour Shoppe.
 25321 | Orc:2    | Found Jouhep's Armour Boutique.
 25322 | Orc:2    | Found Leughan's Antique Armour Shoppe.
 25323 | Orc:2    | Found Xaigaweu's Antique Weapon Boutique.
 25343 | Orc:2    | Bought a +3 plate armour of cold resistance for 630 gold
                  | pieces
 25356 | Orc:2    | Bought the +3 crown of Dyrovepreva {rElec Int+2 SInv} for
                  | 1035 gold pieces
 25356 | Orc:2    | Found the +3 crown of Dyrovepreva {rElec Int+2 SInv}
 25356 | Orc:2    | Bought a glowing kite shield for 187 gold pieces
 25407 | Orc:2    | Bought a runed cloak for 202 gold pieces
 26282 | D:13     | Received a gift from Trog
 27028 | D:13     | Found a gate to the Vaults.
 27230 | D:14     | Noticed Agnes
 27251 | D:14     | Killed Agnes
 27255 | D:14     | Noticed Louise
 27259 | D:14     | Killed Louise
 27260 | D:14     | Reached XP level 15. HP: 89/126 MP: 10/14
 27379 | D:14     | Reached skill level 15 in Armour
 27673 | D:14     | Received a gift from Trog
 28327 | D:15     | Entered Level 15 of the Dungeon
 28343 | D:15     | Reached skill level 10 in Shields
 28755 | D:15     | Noticed Jorgrun
 28766 | D:15     | Killed Jorgrun
 29404 | D:15     | Found Vaareats's Jewellery Shoppe.
 29411 | D:15     | Bought an uncursed ring of resist corrosion for 300 gold
                  | pieces
 29433 | D:15     | Found a staircase to the Depths.
 30502 | Snake:1  | Entered Level 1 of the Snake Pit
 30751 | Snake:1  | Received a gift from Trog
 32356 | Snake:1  | Reached XP level 16. HP: 128/136 MP: 13/15
 32420 | Snake:1  | Reached skill level 15 in Dodging
 34228 | Snake:2  | Received a gift from Trog
 35348 | Snake:3  | Noticed Nikola
 35364 | Snake:3  | Killed Nikola
 35938 | Snake:3  | Found Vakeg's Antique Armour Shop.
 35945 | Snake:3  | Bought a pair of crude boots for 313 gold pieces
 35974 | Snake:3  | Identified the +2 pair of boots "Etidos" {Str+5 Dex+2} (You
                  | bought it in a shop on level 3 of the Snake Pit)
 35975 | Snake:3  | Found Guuck's Magic Scroll Boutique.
 35981 | Snake:3  | Bought a scroll of immolation for 66 gold pieces
 35981 | Snake:3  | Bought a scroll of identify for 38 gold pieces
 35981 | Snake:3  | Bought a scroll of identify for 38 gold pieces
 36409 | Snake:4  | Entered Level 4 of the Snake Pit
 36414 | Snake:4  | Noticed Kirke
 36429 | Snake:4  | Reached skill level 15 in Shields
 36437 | Snake:4  | Killed Kirke
 36724 | Snake:4  | Reached XP level 17. HP: 135/148 MP: 16/16
 38077 | Snake:4  | Reached ****** piety under Trog
 38362 | Snake:4  | Received a gift from Trog
 38577 | Snake:4  | Reached skill level 15 in Fighting
 39216 | Snake:4  | Identified a scroll of acquirement
 39219 | Snake:4  | Acquired a manual of Dodging
 39673 | Snake:4  | Got a serpentine rune of Zot
 40110 | Elf:1    | Entered Level 1 of the Elven Halls
 40198 | Elf:1    | Received a gift from Trog
 40574 | Elf:1    | Reached XP level 18. HP: 151/163 MP: 17/17
 41444 | Elf:1    | Received a gift from Trog
 41723 | Shoals:1 | Entered Level 1 of the Shoals
 43321 | Shoals:2 | Received a gift from Trog
 44038 | Shoals:2 | Identified Roxanne's Almanac of the Mountains
 44038 | Shoals:2 | Noticed Roxanne
 44210 | Shoals:2 | Killed Roxanne
 44388 | Shoals:3 | Received a gift from Trog
 44703 | Shoals:3 | Noticed Polyphemus
 44712 | Shoals:3 | Reached XP level 19. HP: 159/178 MP: 15/18
 44718 | Shoals:3 | Killed Polyphemus
 45323 | Shoals:4 | Entered Level 4 of the Shoals
 45965 | Shoals:4 | Found Nont's Antique Weapon Emporium.
 46149 | Shoals:4 | Received a gift from Trog
 46478 | Shoals:4 | Got a barnacled rune of Zot
 47178 | Snake:3  | Bought a scroll of magic mapping for 66 gold pieces
 47184 | Snake:3  | Bought a pair of polished gloves for 313 gold pieces
 47196 | Snake:3  | Identified the +2 pair of gloves "Loufief" {rElec Stlth+}
                  | (You bought it in a shop on level 3 of the Snake Pit)
 47488 | Vaults:1 | Entered Level 1 of the Vaults
 48502 | Vaults:1 | Reached XP level 20. HP: 187/187 MP: 19/19
 48584 | Vaults:1 | Found Binif's Weapon Shop.
 49223 | Vaults:2 | Received a gift from Trog
 50163 | Vaults:2 | Received a gift from Trog
 50169 | Vaults:2 | Identified the +9 hand axe of the People {flame, +Blink
                  | rF++ Will- Dex+3} (Trog gifted it to you on level 2 of the
                  | Vaults)
 50203 | Vaults:2 | Found a staircase to the Crypt.
 50731 | Vaults:3 | Noticed Jory
 50757 | Vaults:3 | Killed Jory
 51349 | Vaults:3 | Reached skill level 10 in Evocations
 51725 | Vaults:3 | Received a gift from Trog
 51832 | Vaults:3 | Noticed Aizul
 51848 | Vaults:3 | Killed Aizul
 52201 | Vaults:3 | Reached XP level 21. HP: 201/201 MP: 20/20
 52819 | Vaults:4 | Found Zarchaq's Armour Emporium.
 52838 | Vaults:4 | Found Fouxom's Magic Scroll Emporium.
 52846 | Vaults:4 | Bought a scroll of identify for 24 gold pieces
 52846 | Vaults:4 | Bought a scroll of identify for 24 gold pieces
 52846 | Vaults:4 | Bought a scroll of identify for 24 gold pieces
 52846 | Vaults:4 | Bought a scroll of teleportation for 36 gold pieces
 52846 | Vaults:4 | Bought a scroll of enchant armour for 90 gold pieces
 52960 | Vaults:4 | Received a gift from Trog
 53579 | Vaults:4 | Found Tazes's Weapon Shop.
 53970 | Vaults:4 | Received a gift from Trog
 54674 | Elf:2    | Found Kezegah's Assorted Antiques.
 54715 | Elf:2    | Bought a scroll of silence for 195 gold pieces
 54715 | Elf:2    | Bought a potion of curing for 78 gold pieces
 54715 | Elf:2    | Bought a scroll of identify for 52 gold pieces
 54715 | Elf:2    | Bought a potion of curing for 78 gold pieces
 55301 | Elf:2    | Found a runed translucent gate.
 55301 | Elf:2    | Found a runed translucent gate.
 55302 | Elf:2    | Found a runed translucent gate.
 55541 | Elf:2    | Reached skill level 15 in Evocations
 55541 | Elf:2    | Received a gift from Trog
 55544 | Elf:2    | Identified the +2 broad axe of Diet Blood {vorpal, rPois
                  | rC- Str-4 Dex+8} (Trog gifted it to you on level 2 of the
                  | Elven Halls)
 56017 | Depths:1 | Entered Level 1 of the Depths
 56089 | Depths:1 | Found a gateway to Hell.
 56363 | Depths:1 | Found Myusonyn's Assorted Antiques.
 56365 | Depths:1 | Found Hyohim's Antique Armour Emporium.
 56367 | Depths:1 | Found Yllo's Magic Scroll Shoppe.
 56372 | Depths:1 | Received a gift from Trog
 56385 | Depths:1 | Bought 2 scrolls of identify for 136 gold pieces
 56389 | Depths:1 | Bought a scroll of teleportation for 30 gold pieces
 56389 | Depths:1 | Bought a scroll of silence for 75 gold pieces
 56389 | Depths:1 | Bought a scroll of enchant weapon for 75 gold pieces
 56420 | Depths:1 | Reached XP level 22. HP: 207/211 MP: 19/21
 56680 | Depths:1 | Found a gateway to a ziggurat.
 57026 | Depths:2 | Noticed Bai Suzhen
 57036 | Depths:2 | Killed Bai Suzhen
 57481 | Depths:2 | Noticed a caustic shrike
 57506 | Depths:2 | Killed a caustic shrike
 57770 | Depths:2 | Received a gift from Trog
 58788 | Elf:3    | Entered Level 3 of the Elven Halls
 58848 | Elf:3    | Found Hiemeeff's Magic Scroll Emporium.
 58857 | Elf:3    | Bought a scroll of teleportation for 57 gold pieces
 59218 | Elf:3    | Bought a scroll of teleportation for 57 gold pieces
 59218 | Elf:3    | Bought a scroll of identify for 38 gold pieces
 60284 | Elf:3    | Received a gift from Trog
 60328 | Elf:3    | Found the +8 trident of the Octopus King {venom, rElec
                  | rPois Will+}
 60334 | Elf:3    | Gained mutation: You are resistant to electric shocks.
                  | (rElec) [a neqoxec]
 60701 | Elf:3    | Bought a scroll of identify for 38 gold pieces
 60701 | Elf:3    | Bought a scroll of summoning for 180 gold pieces
 60701 | Elf:3    | Bought a scroll of enchant weapon for 142 gold pieces
 60701 | Elf:3    | Bought a scroll of identify for 38 gold pieces
 60984 | Depths:3 | Reached XP level 23. HP: 220/221 MP: 22/22
 61355 | Depths:3 | Paralysed by a floating eye for 4 turns
 61421 | Depths:3 | Noticed an ancient lich
 61439 | Depths:3 | Killed an ancient lich
 61471 | Depths:3 | Received a gift from Trog
 61570 | Depths:3 | Found the +6 Majin-Bo {vamp, MP+6 Int+6}
 61614 | Depths:3 | Noticed Saint Roka
 61645 | Depths:3 | Killed Saint Roka
 61793 | Depths:3 | Acquired the +8 mithril axe "Arga" {speed, Will+}
 61794 | Depths:3 | Found the +8 mithril axe "Arga" {speed, Will+}
 62483 | Depths:3 | Found a one-way gate leading to the halls of Pandemonium.
 63006 | Depths:4 | Noticed Boris
 63019 | Depths:4 | Killed Boris
 63694 | Depths:4 | Found a one-way gate to the infinite horrors of the Abyss.
 63976 | Depths:4 | Received a gift from Trog
 64108 | Depths:4 | Found a runed translucent gate.
 64110 | Depths:4 | Found a runed translucent gate.
 64111 | Depths:4 | Noticed Lumef's ghost (adept DrGl)
 64120 | Depths:4 | Found a runed translucent gate.
 64585 | Depths:4 | Reached XP level 24. HP: 233/233 MP: 22/22
 64590 | Depths:4 | Killed Lumef's ghost
 64654 | Depths:5 | Entered Level 5 of the Depths
 65301 | Depths:5 | Noticed a juggernaut
 65312 | Depths:5 | Killed a juggernaut
 65312 | Depths:5 | Received a gift from Trog
 65956 | Depths:5 | Found a gate to the Realm of Zot.
 66303 | Depths:5 | Found Weomefit's Jewellery Shoppe.
 66303 | Depths:5 | Found Xigen's Book Shop.
 66315 | Depths:5 | Found Nuongah's Jewellery Shoppe.
 66344 | Depths:5 | Bought a cursed ring of teleportation for 94 gold pieces
 66861 | Crypt:1  | Entered Level 1 of the Crypt
 66992 | Crypt:1  | Received a gift from Trog
 68165 | Crypt:2  | Found a basalt altar of Yredelemnul.
 68711 | Crypt:3  | Entered Level 3 of the Crypt
 68711 | Crypt:3  | Found a staircase to the Tomb.
 68829 | Crypt:3  | Noticed Mara
 68834 | Crypt:3  | Noticed EldarEldrad's illusion
 68845 | Crypt:3  | Killed Mara
 68938 | Crypt:3  | Received a gift from Trog
 68958 | Crypt:3  | Identified the +8 broad axe of Sumyc {vorpal, rElec Int+4
                  | SInv Stlth+} (Trog gifted it to you on level 3 of the
                  | Crypt)
 69297 | Crypt:3  | Found a corrupted altar of Lugonu.
 69412 | Crypt:3  | Noticed Frederick
 69424 | Crypt:3  | Killed Frederick
 69441 | Crypt:3  | Reached XP level 25. HP: 253/253 MP: 22/22
 69886 | Crypt:3  | Noticed an ancient lich
 69902 | Crypt:3  | Killed an ancient lich
 70041 | Tomb:1   | Entered Level 1 of the Tomb of the Ancients
 70386 | Tomb:1   | Received a gift from Trog
 70408 | Tomb:1   | Reached skill level 27 in Fighting
 71190 | Tomb:1   | Noticed a royal mummy
 71210 | Tomb:1   | Killed a royal mummy
 71978 | Tomb:1   | Received a gift from Trog
 72016 | Tomb:1   | Identified the +0 gold dragon scales of Qutol {rPois rF+
                  | rC+ Int+6 Stlth+}
 72742 | Vaults:5 | Entered Level 5 of the Vaults
 72817 | Vaults:5 | Received a gift from Trog
 72916 | Vaults:5 | Identified the +3 war axe of Tialoes {vorpal, Dex+4} (Trog
                  | gifted it to you on level 5 of the Vaults)
 73059 | Vaults:5 | Reached XP level 26. HP: 227/266 MP: 20/22
 73124 | Vaults:5 | Received a gift from Trog
 73463 | Vaults:5 | Found the +10 dark maul {vorpal}
 73560 | Vaults:5 | Noticed Boris
 73587 | Vaults:5 | Killed Boris
 73955 | Vaults:5 | Received a gift from Trog
 73979 | Vaults:5 | Noticed an ancient lich
 73988 | Vaults:5 | Killed an ancient lich
 74205 | Vaults:5 | Got a heavily runed glass ring
 74271 | Vaults:5 | Gained mutation: Armour fits poorly on your strangely
                  | shaped body. [a shining eye]
 74514 | Vaults:5 | Noticed a dread lich
 74539 | Vaults:5 | Killed a dread lich
 74557 | Vaults:5 | Got a silver rune of Zot
 74750 | Vaults:5 | Identified the ring "Zoib" {*Corrode Will+ Str+5} (You
                  | found it on level 5 of the Vaults)
 74962 | D:11     | You paid a toll of +3 shadow dragon scales to enter a
                  | treasure trove
 74963 | Trove    | Entered a treasure trove
 74969 | Trove    | Got an ancient diamond amulet
 75000 | Trove    | Identified the amulet "Tottois" {rC+ Regen+} (You found it
                  | in a treasure trove)
 75008 | Trove    | Got a vibrating ivory ring
 75011 | Trove    | Identified the ring "Evicwaumn" {MP+9 Int+2} (You found it
                  | in a treasure trove)
 75015 | Trove    | Got a transparent pewter ring
 75017 | Trove    | Identified the ring of Fatigue {+Inv rPois Will+++ Int-3
                  | Dex-5} (You found it in a treasure trove)
 75022 | Trove    | Got a scintillating pewter amulet
 75030 | Trove    | Identified the amulet of Ascent {Acrobat rF+} (You found it
                  | in a treasure trove)
 75039 | Trove    | Got a twitching pewter ring
 75042 | Trove    | Identified the ring "Ynaenofu" {MP+9 Str+4} (You found it
                  | in a treasure trove)
 75049 | Trove    | Got a flickering bone amulet
 75051 | Trove    | Got a smoking iron amulet
 75062 | Trove    | Identified the amulet of Tomorrow {Will+ Regen+ Int+3} (You
                  | found it in a treasure trove)
 75072 | Trove    | Identified the amulet "Kaqunuf" {Faith Str+2 Int+3} (You
                  | found it in a treasure trove)
 75082 | Trove    | Got a coiled ivory ring
 75087 | Trove    | Identified the ring "Idezeihi" {MP+9 Int+2 Dex+3} (You
                  | found it in a treasure trove)
 75260 | Depths:1 | Bought a scroll of enchant armour for 75 gold pieces
 75260 | Depths:1 | Bought a scroll of enchant armour for 75 gold pieces
 75260 | Depths:1 | Bought a scroll of identify for 20 gold pieces
 75260 | Depths:1 | Bought a scroll of identify for 20 gold pieces
 75262 | Depths:1 | Bought a smoking plate armour for 896 gold pieces
 75262 | Depths:1 | Identified the cursed +1 plate armour "Duehy" {rN++ Str-3
                  | Int-3 Stlth+} (You bought it in a shop on level 1 of the
                  | Depths)
 75266 | Depths:1 | Bought a runed plate armour for 884 gold pieces
 75826 | Zot:1    | Entered Level 1 of the Realm of Zot
 76415 | Zot:1    | Reached XP level 27. HP: 221/273 MP: 22/22
 76417 | Zot:1    | Reached skill level 27 in Armour
 76741 | Zot:2    | Noticed an orb of fire
 76745 | Zot:2    | Gained mutation: You are agile. (Dex +2) [an orb of fire]
 76756 | Zot:2    | Killed an orb of fire
 77229 | Zot:2    | Received a gift from Trog
 77264 | Zot:2    | Noticed an orb of fire
 77299 | Zot:2    | Killed an orb of fire
 79227 | Zot:3    | Slain by a deathcap

Illustrated notes

Levels and vault maps discovered:
D:1:      dpeg_arrival_chambers_temple_mockup, layout_basic, st_stairs_4,
          tso_metal_star
D:2:      layout_rooms, minmay_tetromino_s4, uniq_crazy_yiuf_cottage
D:3:      layout_rooms, nemelex_xobeh_ov_fountains_minmay, st_stairs_9,
          minivault_4, minmay_misc_feat_hallway
D:4:      layout_layer_cave, minmay_vboxes
D:5:      layout_loops_ring, marbit_many_paths, uniq_pikel
D:6:      lemuel_ratsnest, layout_loops_ring, grunt_temple_overflow_open,
          nicolae_benzene_ring, lemuel_statue_altar
D:7:      layout_loops_ring, nicolae_overflow_hidden_temple, temple_pool_b,
          uniq_harold, uniq_maggie, uniq_menkaure
D:8:      layout_basic, erik_lair_island, minmay_holes,
          minmay_tree_intersection, kennysheep_generic_room_7
D:9:      layout_cave_pools, kennysheep_little_box, nzn_wu_jian_council_hall
D:10:     layout_loops_ring
D:11:     layout_basic, orc_0_dummy, enter_trove_6, minivault_1,
          doesnt_xom_only_xom
D:12:     layout_grid_maze, minmay_statues_item
D:13:     layout_gridville, grunt_vaults_entry_fortified
D:14:     layout_small_grid, grunt_decor_one_mirror, uniq_louise, uniq_agnes
D:15:     hangedman_depths_entry_try_elsewhere_first, layout_basic,
          serial_shops, shop, gauntlet_entry_generic, uniq_jorgrun
Temple:   nicolae_temple_x_marks_the_god
Lair:1:   layout_small_grid
Lair:2:   layout_layer_cave, minmay_shoals_entry_beasts,
          chequers_serial_rivers_room_a, lemuel_fruit_tree, grunt_megastairs_2,
          lemuel_fruit_fields, uniq_gastronok
Lair:3:   layout_cave_pods, uniq_snorg
Lair:4:   layout_loops_ring, minmay_snake_entry_guardpost_medium
Lair:5:   layout_cellular_growth, minmay_slime_entry_jelly_boxes,
          minmay_lair_oklob_chamber
Lair:6:   grunt_lair_end_beastmaster, layout_cellular_growth,
          grunt_forest_small_clearings, eino_house_with_fridge, uniq_rupert
Shoals:1: layout_shoals, hangedman_shoals_cup_caves
Shoals:2: cheibrodos_shoals_epimethial_gifts, layout_shoals, uniq_roxanne
Shoals:3: layout_shoals, uniq_polyphemus
Shoals:4: shoals_end_grunt_ice, layout_shoals, serial_shops, shop
Snake:1:  layout_chambers, grunt_megastairs_5
Snake:2:  layout_grid_maze
Snake:3:  layout_cave_pods, guppyfry_library_mini, serial_bayou_shore_b,
          minmay_shoptagon, uniq_nikola
Snake:4:  snake_pit_salamanders_mu, layout_chambers, serial_bayou_crossing,
          uniq_kirke
Orc:1:    layout_caves
Orc:2:    st_orc_elflike, layout_caves, uniq_sonja
Elf:1:    layout_gridlike, hangedman_corner_corridor,
          nicolae_elf_glass_and_crystal_pillar_1, grunt_ministairs_1,
          laboratory, grunt_megastairs_3
Elf:2:    layout_onion_city, serial_shops, shop
Elf:3:    minmay_elf_hall_spiked, layout_onion_city, serial_shops, shop
Vaults:1: dpeg_vaults_monster_box, hangedman_vaults_nodes, v_misc_5, v_misc_27,
          nicolae_vaults_circle_grid_b, v_alt_pattern_5,
          hangedman_vaults_restitches, ontoclasm_vaults_ring_square,
          vaults_dpeg_diagonal, v_misc_17, st_spiral_rooms,
          vaults_dpeg_encased_lava, layout_vaults_ring
Vaults:2: ontoclasm_vaults_misaligned, vaults_room_fours, vaults_room_corners,
          grunt_vaults_focal, hangedman_vaults_capsules,
          minmay_crypt_entry_simple_box, vaults_mumra_hex, vaults_mumra_lcd,
          layout_vaults_omnigrid
Vaults:3: vaults_mumra_chevron, v_rooms_3, hangedman_vaults_cutoff,
          ontoclasm_vaults_spin, ontoclasm_vaults_shuriken,
          hangedman_vaults_maws, vaults_room_fours, vaults_room_octagon,
          v_misc_10, nicolae_vaults_circle_grid_b, nicolae_vaults_little_ls,
          vaults_room_stairs_pillars, vaults_room_stairs_pillars,
          layout_vaults_big_cross, uniq_jory, uniq_aizul
Vaults:4: v_rooms_5, v_misc_27, ontoclasm_vaults_gateway, v_misc_18,
          nicolae_vaults_alarming, nicolae_vaults_big_ls,
          ontoclasm_vaults_ring_small, nicolae_vaults_asterisk,
          vaults_dpeg_ring, layout_vaults_chaotic_city, serial_shops,
          shop_fountains, shop, shop
Vaults:5
Crypt:1:  layout_misc_corridors
Crypt:2:  layout_chaotic_city, basic_altar, uniq_margery
Crypt:3:  david_glass_crypt, layout_gridlike, lemuel_hellish_altar,
          grunt_megastairs_1, uniq_mara, uniq_frederick
Tomb:1
Depths:1: layout_gridville, enter_ziggurat_b, hangedman_coc_ice_floe,
          kennysheep_dice, minmay_shop_star
Depths:2: minmay_rotating_shell, layout_gridlike, minmay_misc_feat_rugged,
          pf_vacation_house_of_asmodeus, uniq_bai_suzhen
Depths:3: minmay_guarded_unrand_majin_bo, layout_gridlike,
          pf_hell_entry_tar_river, serial_curves, eino_curves_02,
          eino_curves_04, rand_demon_pan_entry_9,
          minmay_staircase_windowed_small, uniq_saint_roka
Depths:4: nooodl_heptagram, layout_basic, gammafunk_ghost_split,
          serial_bayou_shore_a, grunt_pan_entry_zigzag, abyss_entry,
          grunt_hell_entry_dis_old, firewood_loft, infiniplex_staircase_pool_1,
          uniq_boris
Depths:5: grunt_zot_entry_bicorn, layout_gridlike, hellmouth_2,
          amcnicky_mini_rare_corridor_liquid, chequers_decorated_corner,
          serial_bayou_shore_b, minmay_shop_grove
Zot:1:    layout_misc_corridors
Zot:2:    layout_gridlike
Zot:3:    layout_gridville, basic_altar, evilmike_ambush
          [evilmike_ambush_outer_basic, evilmike_ambush_inner_basic]

Skill      XL: |  1  2  3  4  5  6  7  8  9 10 11 12 13 14 15 16 17 18 19 20 21 22 23 24 25 26 27 |
---------------+----------------------------------------------------------------------------------+-----
Axes           | 4 5 6 8 9 12 13 15 16 19 20 | 20.0
Fighting       | 5 6 8 10 12 15 17 18 20 22 26 27 | 27.0
Evocations     | 5 9 11 15 | 15.0
Armour         | 8 12 14 15 19 20 22 26 27 | 27.0
Shields        | 3 5 7 10 15 16 18 | 18.0
Dodging        | 5 11 12 14 15 16 20 22 24 25 26 | 26.7

Action                   |  1- 3 |  4- 6 |  7- 9 | 10-12 | 13-15 | 16-18 | 19-21 | 22-24 | 25-27 || total
-------------------------+-------+-------+-------+-------+-------+-------+-------+-------+-------++-------
Melee: Hand axe          |    56 |    97 |     6 |       |       |       |       |       |       ||   159
       Headbutt          |     6 |    19 |    77 |   133 |   321 |   325 |   448 |   654 |   511 ||  2494
       War axe           |       |       |   304 |   502 |       |       |       |       |       ||   806
       Whip              |       |       |       |    30 |    18 |       |       |       |       ||    48
       Broad axe         |       |       |       |    57 |  1368 |  1239 |  1455 |  1639 |  1309 ||  7067
Throw: Dart              |    54 |    17 |    14 |    24 |    30 |       |       |       |       ||   139
Invok: Berserk           |       |     3 |     3 |     6 |     7 |     1 |       |     1 |       ||    21
       Trog's Hand       |       |     2 |     2 |     3 |    13 |    11 |    14 |    13 |     3 ||    61
       Brothers in Arms  |       |       |       |       |     1 |     2 |     1 |     2 |     2 ||     8
Evoke: Wand              |       |       |       |     4 |    17 |       |     3 |    10 |       ||    34
  Use: Scroll            |       |       |     3 |     4 |    17 |    14 |     9 |    12 |    15 ||    74
       Potion            |       |       |       |       |       |     1 |       |     1 |     1 ||     3
 Stab: Invisible         |       |       |     4 |    12 |    21 |       |       |       |       ||    37
       Petrified         |       |       |       |       |    12 |     3 |       |       |       ||    15
       Petrifying        |       |       |       |       |     1 |       |       |       |       ||     1
       Paralysed         |       |       |       |       |     1 |       |       |       |       ||     1
       Distracted        |       |       |       |       |     1 |     1 |       |       |     1 ||     3
Armor: Animal skin       |     3 |       |       |       |       |       |       |       |       ||     3
       Leather armour    |     6 |    16 |       |       |       |       |       |       |       ||    22
       Ring mail         |       |    18 |    42 |       |       |       |       |       |       ||    60
       Scale mail        |       |       |       |    27 |       |       |       |       |       ||    27
       Plate armour      |       |       |       |   104 |   416 |   326 |   325 |   277 |    45 ||  1493
       Gold dragon scale |       |       |       |       |       |       |       |       |   294 ||   294
Dodge: Dodged            |    25 |    54 |   117 |   275 |   486 |   458 |   618 |   577 |   575 ||  3185
Block: Other             |       |       |    23 |    19 |       |       |       |       |       ||    42
       Buckler           |       |       |       |   159 |   231 |       |       |       |       ||   390
       Reflection        |       |       |       |     4 |    29 |   139 |    96 |    32 |    32 ||   332
       Kite shield       |       |       |       |       |   323 |   811 |   959 |   870 |   891 ||  3854

Table legend: (Time is in decaauts)
 A = Elapsed time spent in this place.
 B = Non-inter-level travel time spent in this place.
 C = Inter-level travel time spent in this place.
 D = Time resting spent in this place.
 E = Time spent auto-exploring this place.
 F = Levels seen in this place.
 G = Mean time per level.
                   A        B        C        D        E       F      G
               +--------+--------+--------+--------+--------+-----+--------+
         Total |  77289 |  69701 |   7588 |   9992 |  41280 |  53 | 1458.3 |
       Dungeon |  20758 |  17632 |   3126 |   3106 |  10716 |  15 | 1383.9 |
        Temple |     58 |     51 |      7 |      0 |     50 |   1 |   58.0 |
          Lair |   9582 |   8450 |   1132 |   1064 |   5797 |   6 | 1597.0 |
        Shoals |   5467 |   5246 |    221 |    256 |   3481 |   4 | 1366.8 |
     Snake Pit |   9505 |   8962 |    543 |    783 |   6459 |   4 | 2376.2 |
  Orcish Mines |   2337 |   1990 |    347 |    555 |    707 |   2 | 1168.5 |
   Elven Halls |   4672 |   4234 |    438 |    528 |   1691 |   3 | 1557.3 |
        Vaults |   8733 |   8057 |    676 |   1049 |   4147 |   5 | 1746.6 |
         Crypt |   2995 |   2876 |    119 |    356 |   1826 |   3 |  998.3 |
          Tomb |   2505 |   2347 |    158 |   1298 |    439 |   1 | 2505.0 |
        Depths |   8209 |   7619 |    590 |    456 |   5130 |   5 | 1641.8 |
           Zot |   2323 |   2096 |    227 |    540 |    835 |   3 |  774.3 |
         Trove |    137 |    137 |      0 |      0 |      0 |   1 |  137.0 |
               +--------+--------+--------+--------+--------+-----+--------+

Top non-repeatable levels by time:
     D:8: 3601 daAuts
 Snake:1: 3142 daAuts
 Snake:4: 3109 daAuts
  Tomb:1: 2505 daAuts
  Lair:5: 2124 daAuts
Vaults:3: 1996 daAuts
 Snake:3: 1909 daAuts
   Elf:3: 1904 daAuts
  Lair:2: 1882 daAuts
Depths:4: 1872 daAuts
     D:6: 1862 daAuts
Depths:5: 1843 daAuts
Depths:3: 1779 daAuts
Vaults:5: 1778 daAuts
   Orc:2: 1750 daAuts
